 Dungeon Crawl Stone Soup version 0.30-a0-165-g1891117ce2 (webtiles) character file.

Game seed: 11799453729314937776

90 qw the Shield-Bearer (level 4, -11/28 HPs)
             Began as a Gargoyle Fighter on Sept 28, 2022.
             Mangled by an ogre
             ... wielding a +0 giant club
              (13 damage)
             ... on level 3 of the Dungeon.
             The game lasted 00:00:42 (2070 turns).

qw the Shield-Bearer (Gargoyle Fighter)             Turns: 2070, Time: 00:00:43

Health: -11/28     AC: 15    Str: 19 (21) XL:     4   Next: 56%
Magic:  4/4        EV:  4    Int:  8 (9)  God:
Gold:   70         SH:  7    Dex:  7 (9)  Spells: 3/3 levels left

rFire   . . .      SeeInvis .    Y - +0 war axe
rCold   . . .      Faith    .    e - +0 kite shield
rNeg    + . .      Spirit   .    j - +0 plate armour
rPois   inf        Reflect  .    (no helmet)
rElec   +          Harm     .    (no cloak)
rCorr   +          Rampage  .    (no gloves)
Will    .....                    (no boots)
Stlth   ..........               (no amulet)
HPRegen 0.09/turn                n - ring of resist corrosion
MPRegen 0.09/turn                (no ring)

@: about to teleport
A: sickness immunity, AC +3, negative energy resistance 1, electricity
resistance, torment resistance 1, petrification resistance
a: no special abilities


You were on level 3 of the Dungeon.
You visited 1 branch of the dungeon, and saw 3 of its levels.

You collected 118 gold pieces.
You spent 48 gold pieces at shops.


Innate Abilities, Weirdness & Mutations

You are immune to sickness and miasma.
Your stone body is resilient. (AC +3)
You are immune to poison.
You resist negative energy. (rN+)
You are resistant to electric shocks. (rElec)
You are resistant to unholy torment.
You are immune to petrification.


   Skills:
 - Level 3.2 Fighting
 + Level 3.7 Axes
 - Level 3.2 Armour
 - Level 4.0 Shields


You had 3 spell levels left.
You didn't know any spells.
Your spell library was empty.

Inventory:

Hand Weapons
 l - a +0 flail
 Y - a +0 war axe (weapon)
Missiles
 f - 5 boomerangs (quivered)
Armour
 e - a +0 kite shield (worn)
 j - a +0 plate armour (worn)
Jewellery
 n - a ring of resist corrosion (left hand)
Scrolls
 a - a scroll of magic mapping {unknown}
 g - 2 scrolls of identify
Potions
 b - a potion of curing
 d - a potion of might
 h - a potion of attraction
 k - a potion of resistance
 m - a potion of mutation

Dungeon Overview and Level Annotations

Branches:
Dungeon (3/15)

Altars:
Kikubaaqudgha

Shops:
D:1 ?


Message History

The adder hisses angrily.
Enter note: You hit the adder.
The adder is heavily wounded.
You block the adder's attack. The adder bites you but does no damage.
You hit the adder.
The adder is almost dead.
You block the adder's attack. The adder bites you but does no damage.
You closely miss the adder.
The adder is almost dead.
The adder bites you but does no damage. x2
You slash the adder!
You kill the adder!
An ogre comes into view. It is wielding a +0 giant club.
The ogre shouts!
Throw: 5 boomerangs
Press: ? - help, Q - select action Shift-Dir - straight line, f - ogre You throw a boomerang.
The boomerang completely misses the ogre.
Throw: 5 boomerangs
Press: ? - help, Q - select action Shift-Dir - straight line, f/p - ogre You throw a boomerang.
The boomerang hits the ogre.
The ogre is lightly wounded.
An adder comes into view.
You hit the ogre.
The ogre is lightly wounded.
The ogre hits you with a +0 giant club!
You barely miss the ogre.
The ogre is lightly wounded.
The ogre barely misses you.
You hit the ogre.
The ogre is moderately wounded.
The ogre hits you with a +0 giant club!!
Ouch! That really hurt!
The adder bites you but does no damage.
2070 ||| READING scroll of teleportation.
As you read the scroll of teleportation, it crumbles to dust.
You feel strangely unstable. You block the adder's attack.
The ogre hits you with a +0 giant club!
You die...

#.# #.# #.# # #.# #.
#.# # . .#####.##.###.#
.#........S.....###
..........O@%...... ..#
#..##...###.####### #.#
#..## #.# #.# #..# #.#
#.# #..# #.# #.# #<.#
#.###### #.#
#..########.##...####.#
#.....................#
#...##########...####.#


You could see an ogre and an adder.

Vanquished Creatures
  3 adders
  A gnoll (D:1)
  A worm (D:2)
  A dart slug (D:2)
  An orc (D:3)
  5 endoplasms
  4 goblins (D:1)
  5 hobgoblins
  2 jackals (D:1)
  7 kobolds
  3 quokkas
  5 ball pythons
  2 bats (D:2)
  5 frilled lizards
  A rat (D:2)
46 creatures vanquished.

Notes
Turn   | Place    | Note
-------+----------+-------------------------------------------
     0 | D:1      | qw the Gargoyle Fighter began the quest for the Orb.
     0 | D:1      | Reached XP level 1. HP: 14/14 MP: 1/1
     0 | D:1      | 0 ||| qw: Version: 0.2-a-12-gaebbb33
     0 | D:1      | 0 ||| qw: Game counter: 789
     0 | D:1      | 0 ||| qw: Always use a shield: true
     0 | D:1      | 0 ||| qw: God list: Okawaru
     0 | D:1      | 0 ||| qw: Allow faded altars: false
     0 | D:1      | 0 ||| qw: Do Orc after D:15 true
     0 | D:1      | 0 ||| qw: Do second Lair branch before Depths: true
     0 | D:1      | 0 ||| qw: Lair rune preference: random
     0 | D:1      | 0 ||| qw: Plans: Normal, Zot:1-4, God:TSO, Crypt, Tomb,
                  | Pan, Slime:5, Hells, Abyss, Orb
     0 | D:1      | 0 ||| PLANNING D:1-11
    46 | D:1      | 46 ||| Stepping ~*~*~tactically~*~*~ (stealth).
    50 | D:1      | 50 ||| Stepping ~*~*~tactically~*~*~ (stealth).
    56 | D:1      | HP: 3/14 [kobold/+0 short sword (3)]
    58 | D:1      | Reached XP level 2. HP: 4/19 MP: 2/2
    72 | D:1      | 72 ||| Stepping ~*~*~tactically~*~*~ (stealth).
   126 | D:1      | 126 ||| Stepping ~*~*~tactically~*~*~ (stealth).
   181 | D:1      | 181 ||| Stepping ~*~*~tactically~*~*~ (stealth).
   377 | D:1      | 377 ||| Stepping ~*~*~tactically~*~*~ (stealth).
   427 | D:1      | Found a faded altar of an unknown god.
   452 | D:1      | Reached skill level 3 in Axes
   651 | D:1      | Reached XP level 3. HP: 23/23 MP: 3/3
  1026 | D:1      | 1026 ||| DROPPING +0 club.
  1032 | D:1      | Found Doiseh's Magic Scroll Emporium.
  1035 | D:1      | 1035 ||| SHOPLISTING scroll of brand weapon (114 gold, have
                  | 51).
  1035 | D:1      | 1035 ||| SHOPLISTING scroll of enchant armour (90 gold,
                  | have 51).
  1035 | D:1      | 1035 ||| BUYING scroll of identify (24 gold).
  1035 | D:1      | Bought a scroll of identify for 24 gold pieces
  1035 | D:1      | 1035 ||| BUYING scroll of identify (24 gold).
  1035 | D:1      | Bought a scroll of identify for 24 gold pieces
  1035 | D:1      | 1035 ||| SHOPLISTING scroll of teleportation (36 gold, have
                  | 3).
  1135 | D:1      | 1135 ||| UPGRADING to +0 kite shield.
  1145 | D:1      | 1145 ||| DROPPING +0 buckler.
  1146 | D:1      | 1146 ||| UPGRADING to +0 plate armour.
  1156 | D:1      | 1156 ||| DROPPING +0 scale mail.
  1157 | D:1      | 1157 ||| READING scroll labelled NUECHEITZU.
  1161 | D:1      | 1161 ||| DRINKING 2 emerald potions.
  1162 | D:1      | 1162 ||| READING 4 scrolls of identify.
  1162 | D:1      | 1162 ||| IDENTIFYING silvery potion
  1163 | D:1      | 1163 ||| READING 3 scrolls of identify.
  1163 | D:1      | 1163 ||| IDENTIFYING sapphire potion
  1164 | D:1      | 1164 ||| DROPPING potion of flight.
  1165 | D:1      | 1165 ||| DROPPING potion of brilliance.
  1179 | D:2      | 1179 ||| STAIRDANCE
  1257 | D:2      | Found an ancient bone altar of Kikubaaqudgha.
  1430 | D:2      | 1430 ||| Stepping ~*~*~tactically~*~*~ (stealth).
  1604 | D:2      | Reached skill level 4 in Shields
  1604 | D:2      | Reached XP level 4. HP: 25/28 MP: 4/4
  1881 | D:2      | 1881 ||| UPGRADING to ring of resist corrosion.
  1882 | D:2      | 1882 ||| READING scroll labelled UGGYRU BOEDEGH.
  1883 | D:2      | 1883 ||| READING scroll labelled YLAAZX BYNIUS.
  1884 | D:2      | 1884 ||| DRINKING 2 yellow potions.
  1885 | D:2      | 1885 ||| READING 5 scrolls of identify.
  1885 | D:2      | 1885 ||| IDENTIFYING ruby potion
  1886 | D:2      | 1886 ||| READING 4 scrolls of identify.
  1886 | D:2      | 1886 ||| IDENTIFYING sedimented dark potion
  1887 | D:2      | 1887 ||| READING 3 scrolls of identify.
  1887 | D:2      | 1887 ||| IDENTIFYING puce potion
  1888 | D:2      | 1888 ||| DROPPING potion of degeneration.
  2063 | D:3      | Noticed an ogre
  2069 | D:3      | HP: 1/28 [ogre/+0 giant club (20)]
  2070 | D:3      | 2070 ||| READING scroll of teleportation.
  2070 | D:3      | Mangled by an ogre

Levels and vault maps discovered:
D:1:      onia_arrival_mini_spirals, layout_basic, serial_shops,
          nicolae_shop_trees, ebering_ecumenical_altar_hall
D:2:      layout_basic, basic_altar
D:3:      layout_loops_ring

Skill      XL: |  1  2  3 |
---------------+----------+-----
Axes           | 2 3 |  3.7
Shields        | 4 |  4.0
Fighting       | |  3.2
Armour         | |  3.2

Action                   |  1- 3 |  4- 6 || total
-------------------------+-------+-------++-------
Melee: War axe           |    96 |    25 ||   121
Throw: Boomerang         |     9 |     9 ||    18
  Use: Scroll            |     3 |     6 ||     9
       Potion            |     1 |     1 ||     2
Armor: Scale mail        |    29 |       ||    29
       Plate armour      |    27 |    16 ||    43
Dodge: Dodged            |    37 |     4 ||    41
Block: Buckler           |    16 |       ||    16
       Kite shield       |    20 |    11 ||    31

Table legend:
 A = Non-vault XP
 B = Vault XP
 C = Vault XP percentage of total XP
 D = Non-vault monster count
 E = Vault monster count
 F = Vault count percentage of total count
                 A         B        C        D         E       F
            +---------+---------+-------+---------+---------+-------
      Total |     129 |       0 |   0.0 |      46 |       0 |   0.0
            +---------+---------+-------+---------+---------+-------
        D:1 |      55 |       0 |   0.0 |      26 |       0 |   0.0
        D:2 |      43 |       0 |   0.0 |      16 |       0 |   0.0
        D:3 |      31 |       0 |   0.0 |       4 |       0 |   0.0
            +---------+---------+-------+---------+---------+-------
